Map: Ruins of Endion

Players

weeaboo

  • Race: Zerg Zerg
  • League: Master

Miszu - Winner!

  • Race: Protoss Protoss
  • League: Master

VOD

Have the link to the VOD?

Description

Time

  • Played on: June 29, 2016, 3:33 p.m.
  • Length: 16:03
Show
View Real Time Build Order
Export as new Build Order

weeaboo Zerg 

Build Orders: Hatch First, Lurkers 

Get SALT Encoding   

  12  0:01  Drone  
  13  0:12  Overlord  
  13  0:18  Drone  
  14  0:31  Drone  
  14  0:32  Drone  
  16  0:37  Drone  
  17  0:53  Hatchery  
  16  0:57  Drone  
  16  1:01  Drone  
  18  1:11  Extractor  
  18  1:14  Spawning Pool  
  18  1:17  Drone  
  17  1:20  Drone  
  18  1:29  Drone  
  19  1:39  Overlord  
  19  1:57  Drone  
  20  2:02  Queen  
  20  2:04  Drone  
  20  2:07  Queen, Drone  
  26  2:13  Drone  
  27  2:20  Metabolic Boost  
  27  2:24  Drone  
  27  2:27  Drone  
  29  2:32  Drone  
  29  2:36  Drone  
  31  2:38  Queen  
  31  2:39  Drone  
  31  2:43  Overlord  
  34  2:53  Zergling x2  
  34  2:55  Zergling x2  
  36  3:02  Hatchery  
  36  3:04  Drone  
  36  3:14  Drone x5  
  36  3:18  Zergling x2  
  42  3:20  Overlord  
  42  3:21  Overlord  
  42  3:24  Drone x2  
  44  3:39  Drone  
  45  3:41  Drone  
  45  3:53  Drone x7  
  49  3:57  Drone  
  47  4:03  Drone  
  48  4:10  Extractor, Drone  
  48  4:11  Extractor  
  48  4:13  Queen  
  48  4:14  Drone  
  48  4:16  Drone x3  
  48  4:17  Drone  
  55  4:20  Drone  
  55  4:21  Drone x2  
  55  4:24  Overlord, Pneumatized Carapace  
  58  4:28  Drone x2  
  60  4:32  Overlord  
  60  4:36  Drone x2  
  62  4:47  Evolution Chamber  
  62  4:48  Evolution Chamber  
  62  4:49  Drone  
  62  4:50  Drone x2  
  62  4:51  Drone  
  62  4:52  Drone x2  
  66  4:53  Drone x3  
  66  4:56  Spore Crawler x2  
  66  4:57  Spore Crawler  
  66  5:00  Spore Crawler  
  66  5:01  Spore Crawler  
  66  5:04  Roach Warren  
  66  5:05  Drone x3  
  64  5:08  Drone x2  
  66  5:14  Zerg Melee Weapons Level 1  
  66  5:17  Drone x2  
  68  5:21  Extractor  
  68  5:22  Extractor, Zerg Ground Armor Level 1  
  68  5:23  Drone x3  
  68  5:24  Drone x2  
  68  5:26  Drone  
  72  5:31  Queen  
  72  5:33  Overlord  
  72  5:35  Spore Crawler  
  70  5:38  Zergling x8  
  71  5:44  Overlord  
  71  5:49  Extractor  
  70  5:51  Lair  
  70  5:52  Roach x2  
  74  5:58  Drone x3  
  74  6:00  Spore Crawler x2  
  73  6:07  Drone x3  
  73  6:08  Drone  
  73  6:09  Spore Crawler  
  74  6:14  Ravager  
  74  6:16  Drone x3  
  74  6:17  Drone x3  
  79  6:19  Overlord x2  
  79  6:27  Overlord  
  76  6:32  Extractor  
  76  6:35  Overlord  
  70  6:41  Drone x6  
  75  6:49  Overlord  
  75  6:52  Drone x2  
  75  6:53  Hydralisk Den  
  75  7:03  Infestation Pit  
  75  7:04  Overlord, Queen  
  75  7:05  Queen, Hatchery  
  77  7:11  Overlord x4  
  76  7:15  Drone x2  
  76  7:16  Drone x2  
  76  7:26  Hydralisk, Drone x3  
  76  7:27  Hydralisk x6  
  93  7:36  Hydralisk x2  
  97  7:37  Hydralisk  
  97  7:47  Hydralisk x2  
  97  7:49  Hydralisk x3  
  105  7:54  Hydralisk x3  
  105  7:57  Zergling x2  
  114  8:08  Overlord  
  114  8:10  Overlord  
  114  8:11  Muscular Augments  
  114  8:16  Hive  
  114  8:17  Zergling x2  
  114  8:18  Zergling x8  
  117  8:23  Zergling x4  
  117  8:25  Zerg Melee Weapons Level 2  
  119  8:30  Zergling x8  
  119  8:31  Zergling x4  
  119  8:33  Drone  
  126  8:35  Queen  
  126  8:36  Hatchery  
  127  8:41  Overlord x2  
  127  8:46  Zerg Ground Armor Level 2  
  127  8:50  Overlord  
  127  8:55  Hydralisk x4  
  126  8:56  Hydralisk  
  136  9:12  Zergling x2  
  136  9:13  Zergling x26  
  150  9:18  Hydralisk  
  150  9:19  Hydralisk  
  150  9:20  Hydralisk  
  151  9:42  Viper x2  
  151  9:43  Baneling Nest  
  155  9:46  Viper  
  155  9:48  Drone  
  155  9:49  Drone x10  
  166  9:59  Spine Crawler x2  
  162  10:00  Spine Crawler  
  162  10:03  Spine Crawler  
  162  10:04  Overlord  
  158  10:22  Overlord  
  158  10:24  Hydralisk x3, Drone x3  
  158  10:25  Hydralisk x2  
  158  10:27  Centrifical Hooks  
  171  10:28  Spine Crawler  
  171  10:30  Spine Crawler x2  
  171  10:31  Baneling x5  
  171  10:32  Baneling x4  
  171  10:33  Baneling  
  168  10:47  Zergling x6  
  170  10:55  Ultralisk Cavern  
  170  10:56  Drone x4  
  171  11:02  Hydralisk x2  
  171  11:03  Hydralisk x2  
  179  11:07  Extractor  
  178  11:12  Extractor  
  178  11:15  Baneling x8  
  178  11:18  Zergling x8  
  177  11:19  Zergling x10  
  177  11:20  Baneling x4  
  177  11:21  Baneling x9  
  184  11:28  Drone x3  
  177  11:42  Ultralisk  
  183  12:01  Hydralisk x3  
  180  12:03  Zergling x2  
  180  12:04  Zergling x10  
  180  12:07  Zergling x4  
  180  12:08  Zergling x8  
  196  12:15  Ultralisk  
  194  12:28  Chitinous Plating  
  194  12:30  Lurker Den  
  194  12:33  Hatchery  
  194  12:34  Zergling x4  
  194  12:35  Zergling x2  
  194  12:44  Viper  
  194  12:45  Viper  
  194  12:48  Baneling x3  
  194  12:49  Baneling x2  
  199  13:00  Hydralisk  
  163  13:21  Extractor, Ultralisk x2  
  163  13:22  Extractor  
  160  13:37  Zergling x6  
  157  13:44  Baneling x4  
  157  13:45  Baneling x2  
  157  13:48  Queen  
  159  13:56  Lurker x5  
  159  13:58  Lurker  
  165  14:05  Spore Crawler  
  165  14:07  Spore Crawler  
  164  14:31  Ultralisk x2  
  164  14:40  Ultralisk  
  157  14:55  Zergling x18  
  157  15:00  Drone x2  
  117  15:29  Zergling x4  
Show
View Real Time Build Order
Export as new Build Order

Miszu Protoss - Winner!

Build Orders: 1 Gate Expand 

Get SALT Encoding   

  12  0:00  Probe (Chrono Boost)  
  13  0:12  Probe (Chrono Boost)  
  14  0:17  Pylon  
  14  0:23  Probe (Chrono Boost)  
  16  0:35  Probe (Chrono Boost)  
  16  0:39  Gateway  
  16  0:44  Assimilator  
  16  0:46  Probe (Chrono Boost)  
  17  0:56  Probe (Chrono Boost)  
  18  1:07  Probe (Chrono Boost)  
  19  1:18  Nexus  
  19  1:22  Probe (Chrono Boost)  
  20  1:31  Cybernetics Core  
  20  1:35  Probe (Chrono Boost)  
  21  1:45  Probe (Chrono Boost)  
  21  1:47  Assimilator  
  22  1:55  Pylon  
  22  1:56  Probe (Chrono Boost)  
  23  2:09  Warp Gate  
  23  2:13  Adept (Chrono Boost), Probe (Chrono Boost)  
  26  2:24  Mothership Core (Chrono Boost)  
  26  2:29  Probe  
  29  2:39  Adept (Chrono Boost), Probe  
  32  2:45  Probe  
  32  2:50  Probe  
  33  2:57  Gateway, Probe  
  35  2:59  Gateway  
  35  3:00  Probe  
  36  3:09  Probe  
  36  3:11  Probe  
  38  3:20  Adept (Chrono Boost)  
  38  3:21  Probe x2  
  42  3:28  Stargate  
  42  3:30  Stargate  
  42  3:31  Assimilator  
  42  3:33  Probe, Assimilator  
  43  3:36  Probe  
  43  3:37  Pylon  
  44  3:45  Probe  
  45  4:01  Probe  
  45  4:02  Probe  
  43  4:12  Adept x2  
  43  4:13  Adept, Probe  
  43  4:14  Probe  
  51  4:17  Phoenix (Chrono Boost)  
  51  4:19  Pylon  
  51  4:23  Phoenix (Chrono Boost)  
  54  4:30  Pylon  
  54  4:37  Probe x2  
  56  4:39  Pylon  
  56  4:42  Phoenix (Chrono Boost)  
  56  4:45  Phoenix (Chrono Boost)  
  60  4:49  Probe  
  60  4:57  Probe  
  61  5:02  Probe  
  61  5:04  Phoenix (Chrono Boost)  
  66  5:07  Phoenix (Chrono Boost)  
  66  5:09  Probe  
  66  5:14  Probe  
  68  5:16  Nexus  
  68  5:19  Nexus  
  68  5:21  Probe  
  68  5:26  Probe  
  70  5:30  Phoenix (Chrono Boost)  
  72  5:43  Phoenix (Chrono Boost)  
  72  5:44  Probe  
  72  5:45  Probe  
  76  5:51  Phoenix (Chrono Boost)  
  76  5:53  Pylon  
  78  6:02  Pylon  
  80  6:11  Phoenix (Chrono Boost)  
  80  6:19  Adept  
  80  6:20  Adept x2  
  86  6:26  Robotics Facility  
  86  6:28  Robotics Facility  
  86  6:29  Pylon  
  86  6:31  Pylon  
  86  6:43  Probe  
  86  6:44  Probe x2  
  89  6:53  Forge, Probe  
  89  6:54  Twilight Council  
  89  6:56  Probe x2  
  89  6:57  Pylon  
  92  7:04  Probe  
  93  7:08  Probe  
  94  7:19  Probe  
  94  7:20  Probe  
  94  7:21  Probe  
  97  7:23  Immortal x2, Assimilator  
  97  7:24  Assimilator  
  97  7:26  Sentry x3  
  111  7:32  Probe  
  110  7:55  Charge, Protoss Ground Weapons Level 1  
  110  7:59  Gateway  
  110  8:00  Templar Archives, Gateway  
  110  8:03  Gateway, Immortal, Probe  
  110  8:04  Probe x2  
  117  8:08  Zealot x3  
  117  8:09  Immortal  
  127  8:16  Probe  
  128  8:27  Pylon  
  128  8:28  Pylon  
  128  8:39  Psionic Storm, Gateway  
  128  8:40  Gateway  
  128  8:41  High Templar x2  
  128  8:42  Observer  
  128  8:43  Gateway  
  128  8:45  Gateway x2  
  128  8:47  Archon  
  134  8:48  Observer  
  134  8:57  Pylon  
  134  8:58  Pylon  
  134  9:03  High Templar  
  134  9:06  Warp Prism  
  139  9:10  Observer  
  139  9:14  High Templar  
  139  9:15  High Templar  
  143  9:18  High Templar, Zealot  
  143  9:19  Zealot  
  149  9:24  Pylon x2  
  149  9:36  Pylon  
  137  9:38  Zealot  
  137  9:39  Zealot x3  
  144  9:47  Probe  
  144  9:49  Probe x2  
  143  9:54  Photon Cannon  
  143  9:58  Probe  
  144  10:00  High Templar x2  
  144  10:01  Probe x2  
  144  10:02  Zealot  
  144  10:03  Zealot x2  
  156  10:19  High Templar x3  
  156  10:20  Zealot x3  
  168  10:23  Archon  
  168  10:33  Pylon  
  168  10:38  Observer x2  
  170  10:43  Stalker  
  170  10:44  Stalker  
  174  10:51  Photon Cannon  
  174  10:53  Photon Cannon  
  174  10:54  Photon Cannon  
  174  10:56  Photon Cannon  
  174  10:57  Photon Cannon  
  174  10:59  Observer x2  
  176  11:05  Nexus  
  170  11:20  Pylon  
  170  11:21  Pylon, Protoss Ground Weapons Level 2  
  170  11:24  Zealot x2  
  170  11:25  Zealot x3  
  178  11:45  Stalker  
  178  11:46  Stalker x4  
  188  11:48  Blink  
  188  11:54  Zealot x2  
  188  11:55  Zealot x3  
  154  12:17  High Templar x4  
  154  12:18  High Templar x3  
  154  12:21  Archon x2  
  168  12:28  Archon  
  168  12:29  Zealot x2  
  176  12:43  Dark Shrine  
  176  12:46  Immortal x2  
  174  13:17  Archon  
  174  13:18  Archon x2  
  162  13:31  High Templar  
  162  13:32  High Templar x3  
  164  13:43  Pylon  
  164  13:44  Probe  
  164  13:45  Photon Cannon  
  164  13:46  Pylon, Assimilator  
  164  13:47  Photon Cannon, Assimilator  
  164  13:48  Stalker x3  
  167  13:49  Photon Cannon  
  167  13:52  Immortal x2  
  179  14:08  Dark Templar x2  
  179  14:09  Zealot x2  
  183  14:31  High Templar x2  
  181  14:32  Zealot x7  
  175  14:53  High Templar x2  
  175  14:54  Stalker, Zealot x2  
  175  14:57  Archon  
  185  15:09  Nexus  
  159  15:33  Archon x3  
Tags
 
Add a new tag
Caveats
  • Supply blocks, unpowered buildings, or Contaminate may cause inaccurate times.
  • Supply counts are checked every 10 seconds.